 Dungeon Crawl Stone Soup version 0.24.0-1-gfbc8707 (webtiles) character file.

Game seed: 15990521328089989147, levelgen mode: deterministic

672 Buxparty the Ducker (level 7, -1/60 HPs)
             Began as a Gnoll Monk on Jan 2, 2020.
             Slain by a hippogriff (2 damage)
             ... on level 5 of the Dungeon.
             The game lasted 00:12:26 (4031 turns).

Buxparty the Ducker (Gnoll Monk)                    Turns: 4031, Time: 00:12:27

Health: -1/60      AC:  5    Str: 15    XL:     7   Next: 58%
Magic:  10/10      EV: 17    Int: 12    God:
Gold:   214        SH:  0    Dex: 18    Spells: 11/11 levels left

rFire    . . .     SeeInvis .   t - +5 halberd
rCold    . . .     Gourm    .   (shield currently unavailable)
rNeg     . . .     Faith    .   k - +0 leather armour
rPois    .         Spirit   .   (no helmet)
rElec    .         Reflect  .   g - +0 cloak
rCorr    +         Harm     .   (no gloves)
MR       .....                  q - +0 pair of boots
Stlth    +++.......             (no amulet)
HPRegen  0.20/turn              p - ring of resist corrosion
MPRegen  0.12/turn              (no ring)

@: no status effects
A: distributed training, fangs 1, strong nose
a: no special abilities


You were on level 5 of the Dungeon.
You were not hungry.

You visited 1 branch of the dungeon, and saw 5 of its levels.

You collected 214 gold pieces.

Inventory:

Hand Weapons
 a - a +0 hand axe
 t - a +5 halberd (weapon)
 w - a +2 flail of freezing
 x - a +3 great sword
Missiles
 v - 5 poisoned darts (quivered)
 y - 7 curare-tipped darts
Armour
 g - a +0 cloak (worn)
 k - a +0 leather armour (worn)
 q - a +0 pair of boots (worn)
 C - a +0 plate armour
 D - a +0 helmet
 E - a +0 scale mail
Jewellery
 p - a ring of resist corrosion (left hand)
Wands
 B - a wand of random effects (18)
Scrolls
 b - 2 scrolls of remove curse
 e - a scroll of amnesia {unknown}
 h - 6 scrolls of identify {unknown}
 i - a scroll of enchant weapon {unknown}
 j - a scroll of magic mapping
 m - 2 scrolls of immolation {unknown}
 r - 2 scrolls of random uselessness {unknown}
 A - a scroll of fear {unknown}
 F - a scroll of teleportation {unknown}
Potions
 c - 2 potions of lignification {unknown}
 d - a potion of might {unknown}
 l - 2 potions of flight {unknown}
 n - a potion of agility {unknown}
 o - 4 potions of curing {unknown}
 s - 2 potions of brilliance {unknown}
 u - a potion of cancellation {unknown}
 z - 2 potions of heal wounds {unknown}
Comestibles
 f - 4 rations


   Skills:
 + Level 7.0 Fighting
 + Level 2.5 Short Blades
 + Level 2.5 Long Blades
 + Level 7.0 Axes
 + Level 2.5 Maces & Flails
 + Level 2.5 Polearms
 + Level 2.5 Staves
 + Level 2.5 Slings
 + Level 2.5 Bows
 + Level 2.5 Crossbows
 + Level 2.5 Throwing
 + Level 2.5 Armour
 + Level 7.0 Dodging
 + Level 4.9 Stealth
 + Level 2.5 Shields
 + Level 2.5 Unarmed Combat
 + Level 2.5 Spellcasting
 + Level 2.0 Conjurations
 + Level 2.0 Hexes
 + Level 2.0 Charms
 + Level 2.0 Summonings
 + Level 2.0 Necromancy
 + Level 2.0 Translocations
 + Level 2.0 Transmutations
 + Level 2.0 Fire Magic
 + Level 2.0 Ice Magic
 + Level 2.0 Air Magic
 + Level 2.0 Earth Magic
 + Level 2.0 Poison Magic
 + Level 2.8 Invocations
 + Level 2.5 Evocations


You had 11 spell levels left.
You didn't know any spells.
Your spell library was empty.

Dungeon Overview and Level Annotations

Branches:
Dungeon (5/15)
 Temple: D:4-7

Altars:
Xom

Annotations:
D:3 2 transporters, alexhoolio's ghost, amateur CeFi


Innate Abilities, Weirdness & Mutations

Your experience applies equally to all skills.
You have very sharp teeth.
Your uncanny sense of smell can sniff out nearby items.


Message History

The hippogriff bites you but does no damage.
The hippogriff barely misses you. The hippogriff misses you.
The hippogriff completely misses you. The hippogriff pecks you!
The hippogriff closely misses you.
You slash the hippogriff! Your bite misses the hippogriff.
The hippogriff is almost dead.
The hippogriff bites you!
* * * LOW HITPOINT WARNING * * *
The hippogriff pecks you.
* * * LOW HITPOINT WARNING * * *
The hippogriff closely misses you.
You barely miss the hippogriff.
The hippogriff is almost dead.
The hippogriff bites you.
* * * LOW HITPOINT WARNING * * *
The hippogriff pecks you but does no damage.
The hippogriff claws you.
* * * LOW HITPOINT WARNING * * *
The hippogriff bites you.
You die...

#..............
##............. ###
#..........### ###?.####
##......##.# #.......##
#....###.##
#........##########..##
#........##...........#
#.................[...##
......H@..#######......#
##.......## ##.......
##.....## #........
#...### #..#..... ####
##.###.... #..# ##...
#..# #... ##.## ##..
#..# ##.


You could see a hippogriff.

Vanquished Creatures
  A water moccasin skeleton (D:5)
  5 wights (D:3)
  An orc wizard (D:3)
  2 bullfrog skeletons
  A hound (D:4)
  Ijyb (D:4)
  Natasha (thrice) (D:4)
  4 worker ants
  2 adders
  An adder skeleton (D:5)
  A worm (D:4)
  A dart slug (D:2)
  4 leopard geckos
  18 orcs
  A ball python (D:4)
  6 bats
  A giant cockroach (D:5)
  3 goblins (D:2)
  4 hobgoblins
  2 jackals (D:5)
  5 kobolds
  2 quokkas (D:4)
  3 frilled lizards
  A leopard gecko skeleton (D:3)
  A quokka skeleton (D:4)
  9 rats
83 creatures vanquished.

Notes
Turn   | Place    | Note
-------+----------+-------------------------------------------
     0 | D:1      | Buxparty the Gnoll Monk began the quest for the Orb.
     0 | D:1      | Reached XP level 1. HP: 23/23 MP: 1/1
    99 | D:1      | Reached XP level 2. HP: 28/29 MP: 2/2
   593 | D:2      | Reached XP level 3. HP: 34/35 MP: 3/3
   931 | D:3      | Found a transporter.
   931 | D:3      | Noticed alexhoolio's ghost (amateur CeFi)
   933 | D:3      | Found a transporter.
   974 | D:3      | Reached skill level 1 in Short Blades
   974 | D:3      | Reached skill level 1 in Long Blades
   974 | D:3      | Reached skill level 1 in Maces & Flails
   974 | D:3      | Reached skill level 1 in Polearms
   974 | D:3      | Reached skill level 1 in Staves
   974 | D:3      | Reached skill level 1 in Slings
   974 | D:3      | Reached skill level 1 in Bows
   974 | D:3      | Reached skill level 1 in Crossbows
   974 | D:3      | Reached skill level 1 in Throwing
   974 | D:3      | Reached skill level 1 in Armour
   974 | D:3      | Reached skill level 1 in Shields
   974 | D:3      | Reached skill level 1 in Unarmed Combat
   974 | D:3      | Reached skill level 1 in Spellcasting
   974 | D:3      | Reached skill level 1 in Invocations
   974 | D:3      | Reached skill level 1 in Evocations
   974 | D:3      | Reached XP level 4. HP: 22/41 MP: 3/5
  1262 | D:3      | Found a shimmering altar of Xom.
  1427 | D:3      | Reached skill level 1 in Conjurations
  1427 | D:3      | Reached skill level 1 in Hexes
  1427 | D:3      | Reached skill level 1 in Charms
  1427 | D:3      | Reached skill level 1 in Summonings
  1427 | D:3      | Reached skill level 1 in Necromancy
  1427 | D:3      | Reached skill level 1 in Translocations
  1427 | D:3      | Reached skill level 1 in Transmutations
  1427 | D:3      | Reached skill level 1 in Fire Magic
  1427 | D:3      | Reached skill level 1 in Ice Magic
  1427 | D:3      | Reached skill level 1 in Air Magic
  1427 | D:3      | Reached skill level 1 in Earth Magic
  1427 | D:3      | Reached skill level 1 in Poison Magic
  1427 | D:3      | Reached XP level 5. HP: 43/47 MP: 6/6
  1876 | D:3      | Reached XP level 6. HP: 36/53 MP: 8/8
  2897 | D:4      | Noticed Ijyb
  2909 | D:4      | Killed Ijyb
  2930 | D:4      | Noticed Natasha
  2939 | D:4      | Killed Natasha
  2939 | D:4      | Reached XP level 7. HP: 32/59 MP: 10/10
  2941 | D:4      | Noticed Natasha
  2945 | D:4      | Killed Natasha
  3189 | D:4      | Noticed Natasha
  3192 | D:4      | Killed Natasha
  3492 | D:5      | Entered Level 5 of the Dungeon
  4019 | D:5      | Noticed a hippogriff
  4031 | D:5      | HP: 3/60 [hippogriff (5)]
  4031 | D:5      | HP: 1/60 [hippogriff (2)]
  4031 | D:5      | Slain by a hippogriff

Levels and vault maps discovered:
D:1:      minmay_arrival_checkered_box, layout_rooms
D:2:      layout_rooms
D:3:      layout_basic, first_ration, gammafunk_ghost_arena, nrook_mini_vaults,
          xom_teletrap_fun
D:4:      layout_cave_pods, uniq_natasha, uniq_ijyb
D:5:      layout_cave_pods, eat_drink_and_be_merry_uskayaw

Skill      XL: |  1  2  3  4  5  6  7 |
---------------+----------------------+-----
Short Blades   | 1 2 |  2.5
Long Blades    | 1 2 |  2.5
Maces & Flails | 1 2 |  2.5
Polearms       | 1 2 |  2.5
Staves         | 1 2 |  2.5
Slings         | 1 2 |  2.5
Bows           | 1 2 |  2.5
Crossbows      | 1 2 |  2.5
Throwing       | 1 2 |  2.5
Armour         | 1 2 |  2.5
Shields        | 1 2 |  2.5
Unarmed Combat | 1 2 |  2.5
Spellcasting   | 1 2 |  2.5
Invocations    | 1 2 |  2.8
Evocations     | 1 2 |  2.5
Conjurations   | 1 2 |  2.0
Hexes          | 1 2 |  2.0
Charms         | 1 2 |  2.0
Summonings     | 1 2 |  2.0
Necromancy     | 1 2 |  2.0
Translocations | 1 2 |  2.0
Transmutations | 1 2 |  2.0
Fire Magic     | 1 2 |  2.0
Ice Magic      | 1 2 |  2.0
Air Magic      | 1 2 |  2.0
Earth Magic    | 1 2 |  2.0
Poison Magic   | 1 2 |  2.0
Fighting       | 7 |  7.0
Axes           | 7 |  7.0
Dodging        | 7 |  7.0
Stealth        | |  4.9

Action                   |  1- 3 |  4- 6 |  7- 9 || total
-------------------------+-------+-------+-------++-------
Melee: Hand axe          |    79 |    45 |       ||   124
       Bite              |     3 |    11 |     3 ||    17
       Halberd           |       |    66 |    57 ||   123
Throw: Dart              |       |     5 |       ||     5
  Use: Scroll            |       |     2 |       ||     2
 Stab: Sleeping          |     9 |     3 |     2 ||    14
       Distracted        |       |     2 |       ||     2
  Eat: Ration            |       |     2 |     1 ||     3
Armor: Leather armour    |    11 |    14 |    14 ||    39
       Robe              |     1 |       |       ||     1
       Plate armour      |       |       |     1 ||     1
Dodge: Dodged            |    51 |    83 |    66 ||   200
